 Dungeon Crawl Stone Soup version 0.28.0 (webtiles) character file.

Game seed: 7163419962274863562

11 oldriver the Vandal (level 2, -2/23 HPs)
             Began as a Formicid Hunter on Feb 17, 2022.
             Killed by divine providence
             ... invoked by an orc priest
              (14 damage)
             ... on level 2 of the Dungeon.
             The game lasted 00:00:51 (676 turns).

oldriver the Vandal (Formicid Hunter)                Turns: 676, Time: 00:00:52

Health: -2/23      AC:  3    Str: 16    XL:     2   Next: 40%
Magic:  2/2        EV: 11    Int: 10    God:
Gold:   60         SH:  0    Dex: 11    Spells: 1/1 levels left

rFire   . . .      SeeInvis +   a - +1 hunting sling
rCold   . . .      Faith    .   (no shield)
rNeg    . . .      Spirit   .   c - +0 leather armour
rPois   .          Reflect  .   (helmet unavailable)
rElec   .          Harm     .   (no cloak)
rCorr   .          Rampage  .   (no gloves)
Will    .....                   (no boots)
Stlth   +.........              (no amulet)
HPRegen 0.07/turn               (no ring)
MPRegen 0.08/turn               (no ring)

@: no status effects
A: permanent stasis, dig shafts and tunnels, antennae 3, four strong arms
a: Dig, Shaft Self


You were on level 2 of the Dungeon.
You visited 1 branch of the dungeon, and saw 2 of its levels.

You collected 60 gold pieces.

Inventory:

Hand Weapons
 a - a +1 hunting sling (weapon)
 b - a +0 short sword
Missiles
 d - 17 sling bullets
 j - 33 stones (quivered ammo)
Armour
 c - a +0 leather armour (worn)
Scrolls
 g - a scroll of magic mapping {unknown}
 i - a scroll of identify {unknown}
 k - a scroll of silence {unknown}
Potions
 e - a potion of heal wounds {unknown}
 f - 4 potions of curing {unknown}
 h - a potion of lignification {unknown}


   Skills:
 + Level 2.7 Fighting
 + Level 4.7 Slings
 - Level 1.7 Dodging
 - Level 1.2 Stealth


You had one spell level left.
You didn't know any spells.
Your spell library contained the following spells:

 Spells                   Type           Power      Damage    Failure   Level
 Leda's Liquefaction      Hex/Erth       0%         N/A       99%         4
 Fireball                 Conj/Fire      0%         3d3       100%        5
 Iskenderun's Battlesphe  Conj           0%         2d6       100%        5
 Lee's Rapid Deconstruct  Erth           0%         3d5*      100%        5
 Conjure Ball Lightning   Conj/Air       0%         3x3d6     100%        6
 Statue Form              Tmut/Erth      0%         N/A       100%        6
 Orb of Destruction       Conj           0%         9d5       100%        7


Dungeon Overview and Level Annotations

Branches:
Dungeon (2/15)

Altars:


Innate Abilities, Weirdness & Mutations

You cannot be hasted, slowed, berserked, paralysed or teleported.
You can dig through walls and to a lower floor.
You have a pair of large antennae on your head. (SInv)
Your four strong arms can wield two-handed weapons with a shield.


Message History

No reachable target in view!
An orc and an orc wizard come into view.
Found 8 gold pieces.
The orc priest shouts!
The orc shouts!
You hear a shout!
An orc comes into view. It is wielding a +0 mace.
An orc comes into view. It is wielding a +0 whip.
The orc shouts!
The orc shouts!
The orc wizard shouts!
The orc shouts!
Found a dagger.
You see here a +0 dagger.
Found a bubbling green potion.
f - 4 bubbling green potions (gained 1)
The orc priest miscasts a cantrip.
An orc priest is nearby!
An orc priest is nearby!
You shoot a stone. The stone hits the orc priest!
The orc priest is heavily wounded.
The orc priest calls down the wrath of Beogh upon you.
Beogh smites you!
You shoot a stone. The stone barely misses the orc priest.
You shoot a stone.
The stone closely misses the orc priest.
Fire: 19 sling bullets
Press: ? - help, Shift-Dir - straight line, f/p - orc priest
Aim: an orc priest, wielding a +0 dagger (heavily wounded, 60% to hit)
You shoot a sling bullet.
The sling bullet closely misses the orc priest.
The sling bullet hits the orc but does no damage.
Unknown command.
Fire: 18 sling bullets
Press: ? - help, Shift-Dir - straight line, f/p - orc priest
Aim: an orc priest, wielding a +0 dagger (heavily wounded, 60% to hit)
You shoot a sling bullet.
The sling bullet closely misses the orc priest.
The sling bullet hits the orc!
You kill the orc!
The orc priest calls down the wrath of Beogh upon you.
Beogh smites you!
Ouch! That really hurt!
You die...

#...#{..{.. #.#.#{..o.
#.#.##..{. #
..#.###.{.{ o#
#####..#########o#
................(.####
...........)..........
..######.#####o#######
. .......@.#
###.....#.# .......#.#
#..#...#.# #..###.#.#
# ..#.# #.#.# ....#
###


You could see an orc priest, an orc wizard and an orc.

Vanquished Creatures
  An orc (D:2)
  A ball python (D:1)
  2 endoplasms (D:1)
  A goblin (D:1)
  3 hobgoblins (D:1)
  A frilled lizard (D:1)
  A kobold (D:1)
  A rat (D:1)
11 creatures vanquished.

Notes
Turn   | Place    | Note
-------+----------+-------------------------------------------
     0 | D:1      | oldriver the Formicid Hunter began the quest for the Orb.
     0 | D:1      | Reached XP level 1. HP: 16/16 MP: 1/1
   286 | D:1      | Reached XP level 2. HP: 23/23 MP: 2/2
   494 | D:1      | Found a faded altar of an unknown god.
   676 | D:2      | Killed from afar by an orc priest

Illustrated notes

Levels and vault maps discovered:
D:1:      dpeg_arrival_arbitrary_b, layout_loops_ring,
          hellmonk_ecumenical_altar_slurped_away
D:2:      cheibrodos_pilgrimage, layout_basic, hangedman_decor_clover_reticule

Action                   || total
-------------------------++-------
 Fire: Hunting sling     ||    32
Armor: Leather armour    ||     1
Dodge: Dodged            ||    10
